 Dungeon Crawl Stone Soup version 0.30-a0-578-gdee14c521f (webtiles) character file.

Game seed: 6968583476288393553

7119 Newt the Cleaver (level 10, -6/73 (76) HPs)
             Began as a Demonspawn Gladiator on Dec 31, 2022.
             Was an Initiate of Gozag.
             Mangled by a death knight
             ... wielding a +2 morningstar of draining
              (23 damage)
             ... on level 9 of the Dungeon.
             The game lasted 00:12:57 (10633 turns).

Newt the Cleaver (Demonspawn Gladiator)            Turns: 10633, Time: 00:12:58

HP:   -6/73 (76)    AC: 20    Str: 19    XL:     10   Next: 85%
MP:   11/17         EV: 12    Int: 18    God:    Gozag
Gold: 830           SH:  0    Dex: 15    Spells: 14/19 levels left

rFire   . . .      SeeInvis .    N - +5 glaive (heavy)
rCold   . . .      Faith    .    (shield currently unavailable)
rNeg    . . .      Spirit   .    k - +1 leather armour of Mumblety Peg {Rampage *Corrode rElec Int+9}
rPois   .          Reflect  .    (helmet restricted)
rElec   +          Harm     .    J - +0 cloak
rCorr   .          Rampage  +    (no gloves)
Will    .....                    w - +2 pair of boots
Stlth   ++                       (no amulet)
HPRegen 0.32/turn                q - +4 ring of protection
MPRegen 0.15/turn                A - +4 ring of protection

@: gold aura, freezing walls, very slightly contaminated, lightly drained
A: horns 2, thin metallic scales 2, foul stench 2
a: Renounce Religion, Potion Petition, Call Merchant, Bribe Branch


You were on level 9 of the Dungeon.
You worshipped Gozag.
Gozag was pleased with you.
You visited 2 branches of the dungeon, and saw 10 of its levels.

You collected 914 gold pieces.
You paid 84 gold pieces to Gozag.

Inventory:

Hand Weapons
 a - a +0 rapier
 o - a +1 whip of pain
 y - a +0 battleaxe
 N - a +5 heavy glaive (weapon)
Missiles
 d - 3 throwing nets (quivered)
 e - 4 javelins
 j - 26 poisoned darts
 r - 5 curare-tipped darts
Armour
 b - a +0 leather armour
 c - a +0 helmet
 i - a +1 pair of boots
 k - the +1 leather armour of Mumblety Peg (worn) {Rampage *Corrode rElec Int+9}
   (You found it on level 2 of the Dungeon)

   Int:       It affects your intelligence (+9).
   rElec:     It insulates you from electricity.
   *Corrode:  It may corrode you when you take damage.
   Rampage:   It bestows one free step when moving towards enemies.
 w - a +2 pair of boots (worn)
 J - a +0 cloak (worn)
Jewellery
 q - a +4 ring of protection (left hand)
 A - a +4 ring of protection (right hand)
 G - a ring of willpower
 M - the amulet of Withre {Regen+ Stlth+}
   (You found it on level 9 of the Dungeon)

   [amulet of regeneration]

   Regen:     It increases your rate of health regeneration.
   Stlth:     It makes you more stealthy.
Wands
 n - a wand of polymorph (15)
 F - a wand of roots (15)
 L - a wand of paralysis (4)
Scrolls
 g - a scroll of amnesia
 l - 2 scrolls of enchant weapon
 p - 5 scrolls of teleportation
 z - a scroll of enchant armour
 C - 6 scrolls of identify
 D - 3 scrolls of fog
 H - a scroll of blinking {unknown}
 I - a scroll of butterflies {unknown}
Potions
 f - 3 potions of flight
 h - a potion of curing
 m - 5 potions of berserk rage
 s - a potion of magic
 t - a potion of cancellation
 u - a potion of attraction {unknown}
 v - a potion of might
 x - 3 potions of brilliance
 B - 3 potions of haste
 E - 3 potions of lignification {unknown}
 K - a potion of heal wounds


   Skills:
 - Level 6.0 Fighting
 - Level 2.6 Short Blades
 - Level 8.6(9.2) Axes
 - Level 4.0(6.8) Maces & Flails
 + Level 2.3(5.9) Polearms
 - Level 1.7 Throwing
 - Level 6.0 Armour
 - Level 2.6 Dodging
 - Level 2.0 Stealth
 - Level 5.0 Spellcasting
 - Level 4.0 Ice Magic
 - Level 5.0 Evocations


You had 14 spell levels left.
You knew the following spells:

 Your Spells              Type           Power      Damage    Failure   Level
a - Call Imp              Summ           4%         N/A       22%         2
b - Frozen Ramparts       Ice            36%        1d6       9%          3

Your spell library contained the following spells:

 Spells                   Type           Power      Damage    Failure   Level
 Freeze                   Ice            72%        1d8       3%          1
 Apportation              Tloc           8%         N/A       16%         1
 Magic Dart               Conj           16%        1d3       16%         1
 Necrotise                Necr           16%        1d4       16%         1
 Summon Small Mammal      Summ           16%        N/A       16%         1
 Hailstorm                Conj/Ice       11%        3d5       21%         3
 Scorch                   Fire           8%         2d5       22%         2
 Gell's Gravitas          Tloc           4%         N/A       41%         3
 Mephitic Cloud           Conj/Pois/Air  4%         N/A       41%         3
 Teleport Other           Tloc           4%         N/A       41%         3
 Animate Armour           Summ/Erth      8%         N/A       83%         4
 Flame Wave               Conj/Fire      4%         2d5       83%         4
 Leda's Liquefaction      Hex/Erth       2%         N/A       83%         4
 Blade Hands              Tmut           2%         N/A       99%         5
 Lee's Rapid Deconstruct  Erth           2%         3d4*      99%         5
 Summon Forest            Summ/Tloc      2%         N/A       99%         5
 Dispersal                Tloc           2%         N/A       100%        6
 Eringya's Noxious Bog    Tmut/Pois      2%         N/A       100%        6
 Iron Shot                Conj/Erth      2%         9d2       100%        6
 Statue Form              Tmut/Erth      2%         N/A       100%        6
 Summon Cactus Giant      Summ           2%         N/A       100%        6
 Haunt                    Necr/Summ      2%         N/A       100%        7
 Summon Hydra             Summ           2%         N/A       100%        7
 Infestation              Necr           2%         N/A       100%        8
 Chain Lightning          Conj/Air       2%         3d2       100%        9
 Fire Storm               Conj/Fire      2%         8d1       100%        9
 Shatter                  Erth           2%         3d6*      100%        9
 Animate Dead             Necr           Unusable   N/A       N/A         4

Dungeon Overview and Level Annotations

Branches:
Dungeon (9/15)             Temple (1/1) D:6            Lair (0/5) D:9
    Orc: D:9-12

Altars:
Ashenzari
Cheibriados
Dithmenos
Fedhas
Gozag
Hepliaklqana
Makhleb
Nemelex Xobeh
Okawaru
Qazlal
Sif Muna
Trog
Uskayaw
Vehumet
Wu Jian
Xom
Yredelemnul
Lugonu

Shops:
D:2 [   D:8 *


Innate Abilities, Weirdness & Mutations

You have a pair of horns on your head.
You are mostly covered in thin metallic scales. (AC +3)
You sometimes emit foul miasma when damaged in melee.


Message History

You are very lightly contaminated with residual magic.
Nothing appears to happen.
The death knight offers itself to Yredelemnul, and fills with unholy energy.
Okay, then.
Unknown command.
Casting: Call Imp (safe; 22% risk of failure)
Confirm with . or Enter, or press ? or * to list all spells.
A beastly little devil appears in a puff of flame.
Casting: Call Imp (safe; 22% risk of failure)
Confirm with . or Enter, or press ? or * to list all spells.
Casting: Frozen Ramparts (dangerous; 9% risk of failure)
Press: ? - help, Dir - look around, f - activate The walls around you are covered in ice.
The wall freezes the death knight.
The death knight reflects your damage back at you!
Reach: N) +5 glaive (heavy)
Press: ? - help, Dir - move target, f - death knight
Aim: a death knight, wielding a +2 morningstar of draining and wearing a +0 plate armour (lightly wounded, reflecting injuries, ally target, about 32% to evade your +5 heavy glaive)
You reach to attack!
You slash the death knight!
The death knight is lightly wounded.
The death knight reflects your damage back at you!
The wall freezes the death knight but does no damage.
The wall freezes the death knight.
The death knight mumbles some strange prayers to Yredelemnul against you.
Your body is wracked with pain!
The death knight reflects your damage back at you!
You hit the death knight but do no damage.
You headbutt the death knight.
The death knight is lightly wounded.
The death knight reflects your damage back at you!
The wall freezes the death knight but does no damage.
The death knight hits you with a +2 morningstar of draining!
* * * LOW HITPOINT WARNING * * *
You feel drained.
* * * LOW HITPOINT WARNING * * *
Your crimson imp blinks!
The wall freezes the death knight but does no damage.
The death knight hits you with a +2 morningstar of draining!!
You die...
Your body crumbles into a pile of gold.

...~~≈≈≈≈≈#.#≈≈≈≈≈≈≈#
#
##..≈~≈≈≈≈#.#≈≈≈≈≈≈##
#
##.###≈~~..#~≈~#####
#### #.
##..#.......... ..# #
###......##### #.#
..........# #.#
..........# #..
######.##.### #..
#.§@p......# ##.<
#.####.....# #.#.
.5...####...# ##.#
?........##...# #.#
... ..h.P..#...# #.#
.. ...lPP...###
####.# . .>Y......#
#...#. .....P..##
#.##.# h......##
#.##.#


You could see a death knight (reflects damage, ally target) and a friendly
crimson imp (summoned).

Vanquished Creatures
  A boulder beetle (D:9)
  2 deep elf pyromancers (D:9)
  A salamander (shapeshifter) (D:9)
  Joseph (D:9)
  Maurice (D:8)
  Psyche (D:8)
  A tengu conjurer (D:9)
  A polar bear (D:9)
  A troll (D:9)
  A hornet (D:7)
  Prince Ribbit (D:8)
  Sigmund (D:6)
  2 wyverns (D:9)
  A basilisk (D:9)
  A steam dragon (D:9)
  Menkaure (D:5)
  A water moccasin (D:8)
  An acid dragon (D:9)
  Duvessa (D:6)
  An ice beast (D:5)
  An orc warrior (D:7)
  A black bear (D:5)
  2 ogres
  2 centaurs
  A phantom (D:4)
  3 kobold brigands
  A necrophage (D:5)
  3 bullfrogs
  2 scorpions
  Dowan (D:6)
  5 killer bees (D:9)
  3 howler monkeys
  A jelly (D:8)
  2 orc priests
  4 hounds
  Jessica (D:2)
  2 iguanas
  7 orc wizards
  4 gnolls
  5 adders
  A shadow imp (D:6)
  2 white imps (D:6)
  2 worms
  A dart slug (D:3)
  26 orcs
  4 ball pythons
  6 endoplasms
  3 giant cockroaches
  2 goblins
  9 hobgoblins
  17 kobolds
  3 quokkas (D:1)
  6 bats
  A frilled lizard (D:3)
  8 rats
164 creatures vanquished.

Vanquished Creatures (others)
  6 plants (D:4)
6 creatures vanquished.

Grand Total: 170 creatures vanquished

Notes
Turn   | Place    | Note
-------+----------+-------------------------------------------
     0 | D:1      | Newt the Demonspawn Gladiator began the quest for the Orb.
     0 | D:1      | Reached XP level 1. HP: 16/16 MP: 1/1
    31 | D:1      | Reached skill level 1 in Stealth
   131 | D:1      | Gained mutation: You are partially covered in thin metallic
                  | scales. (AC +2) [demonic ancestry]
   131 | D:1      | Reached XP level 2. HP: 16/22 MP: 2/2
   327 | D:1      | Reached XP level 3. HP: 28/28 MP: 3/3
   683 | D:2      | Found Matin's Antique Armour Shoppe.
   718 | D:2      | Identified the +1 leather armour of Mumblety Peg {Rampage
                  | *Corrode rElec Int+9}
  1167 | D:2      | Learned a level 2 spell: Call Imp
  1224 | D:2      | Noticed Jessica
  1241 | D:2      | Killed Jessica
  1242 | D:2      | Gained mutation: You have a pair of small horns on your
                  | head. [demonic ancestry]
  1242 | D:2      | Reached XP level 4. HP: 31/37 MP: 4/4
  1911 | D:3      | Reached skill level 1 in Maces & Flails
  2314 | D:4      | Gained mutation: You may rarely emit foul miasma when
                  | damaged in melee. [demonic ancestry]
  2314 | D:4      | Reached XP level 5. HP: 42/42 MP: 5/5
  3231 | D:4      | Found a hide-covered altar of Uskayaw.
  3472 | D:4      | Found a stormy altar of Qazlal.
  3533 | D:4      | Found a radiant altar of Vehumet.
  3564 | D:4      | Reached XP level 6. HP: 48/48 MP: 6/6
  3603 | D:4      | Reached skill level 1 in Armour
  4057 | D:5      | Entered Level 5 of the Dungeon
  4057 | D:5      | Noticed Menkaure
  4071 | D:5      | Killed Menkaure
  4203 | D:5      | Noticed an ice beast
  4211 | D:5      | Killed an ice beast
  4212 | D:5      | Gained mutation: You have a pair of horns on your head.
                  | [demonic ancestry]
  4212 | D:5      | Reached XP level 7. HP: 4/54 MP: 7/7
  4213 | D:5      | Reached skill level 1 in Axes
  4502 | D:5      | Reached skill level 2 in Axes
  4573 | D:5      | Reached skill level 3 in Axes
  4777 | D:5      | Found a blossoming altar of Fedhas.
  4873 | D:5      | Reached skill level 4 in Axes
  4918 | D:5      | Found a sparkling altar of Nemelex Xobeh.
  5001 | D:5      | Identified the +3 dagger of the Exiled Demons {flame, rElec
                  | Dex+4}
  5132 | D:6      | Found a staircase to the Ecumenical Temple.
  5138 | D:6      | Reached XP level 8. HP: 60/60 MP: 8/8
  5180 | D:6      | Reached skill level 5 in Axes
  5184 | Temple   | Entered the Ecumenical Temple
  5258 | Temple   | Became a worshipper of Gozag Ym Sagoz the Greedy
  5432 | D:6      | Reached skill level 1 in Evocations
  5603 | D:6      | Found a shadowy altar of Dithmenos.
  5603 | D:6      | Found a basalt altar of Yredelemnul.
  5721 | D:6      | Noticed Sigmund
  5730 | D:6      | Killed Sigmund
  5792 | D:6      | Noticed Duvessa
  5792 | D:6      | Noticed Dowan
  5802 | D:6      | Killed Duvessa
  5813 | D:6      | Killed Dowan
  6136 | D:6      | Reached skill level 5 in Evocations
  6314 | D:6      | Reached skill level 1 in Spellcasting
  6482 | D:7      | Noticed a hornet
  6494 | D:7      | Killed a hornet
  6495 | D:7      | Gained mutation: You sometimes emit foul miasma when
                  | damaged in melee. [demonic ancestry]
  6495 | D:7      | Reached XP level 9. HP: 24/65 MP: 11/14
  7295 | D:7      | Found a burning altar of Makhleb.
  7303 | D:7      | Found an iron altar of Okawaru.
  7485 | D:8      | Noticed Prince Ribbit
  7508 | D:8      | Killed Prince Ribbit
  7509 | D:8      | Reached skill level 5 in Spellcasting
  7509 | D:8      | Reached skill level 1 in Ice Magic
  7548 | D:8      | Learned a level 3 spell: Frozen Ramparts
  7586 | D:8      | Noticed Psyche
  7704 | D:8      | Killed Psyche
  7830 | D:8      | Identified the +2 ring mail "Ucoru" {Int+3 Dex+2 Slay-4}
  8086 | D:8      | Found Gekiloc's General Store.
  8522 | D:8      | Noticed Maurice
  8535 | D:8      | Killed Maurice
  8536 | D:8      | Reached skill level 5 in Fighting
  8682 | D:9      | Noticed a troll
  8687 | D:9      | Killed a troll
  8771 | D:9      | Noticed a boulder beetle
  8813 | D:9      | Killed a boulder beetle
  8814 | D:9      | Reached skill level 6 in Axes
  8814 | D:9      | Gained mutation: You are mostly covered in thin metallic
                  | scales. (AC +3) [demonic ancestry]
  8814 | D:9      | Reached XP level 10. HP: 29/76 MP: 12/17
  9042 | D:9      | Reached skill level 7 in Axes
  9573 | D:9      | Noticed Joseph
  9584 | D:9      | Killed Joseph
  9585 | D:9      | Reached skill level 5 in Armour
  9764 | D:9      | Noticed a salamander
  9764 | D:9      | Noticed a deep elf pyromancer
  9772 | D:9      | Killed a salamander
  9777 | D:9      | Killed a deep elf pyromancer
  9778 | D:9      | Reached skill level 8 in Axes
 10079 | D:9      | Identified the amulet of Withre {Regen+ Stlth+}
 10113 | D:9      | Noticed a deep elf pyromancer
 10113 | D:9      | Noticed a death knight
 10114 | D:9      | Noticed a seven-headed hydra
 10119 | D:9      | Killed a deep elf pyromancer
 10121 | D:9      | HP: 3/76 [ten-headed hydra (7)]
 10121 | D:9      | HP: 1/76 [ten-headed hydra (2)]
 10466 | D:9      | Reached skill level 1 in Polearms
 10617 | D:9      | Found a staircase to the Lair.
 10617 | D:9      | Noticed a death yak
 10633 | D:9      | Mangled by a death knight

Illustrated notes

Levels and vault maps discovered:
D:1:      minmay_arrival_stair_chambers, layout_basic
D:2:      layout_loops_ring, serial_shops, shop, uniq_jessica
D:3:      layout_loops_cross, hangedman_abyss_or_decor_lesser_grid
D:4:      layout_cave_pods, nicolae_qazlal_general_emergency,
          nicolae_vehumet_altar_sigil, nicolae_overflow_crystal_walls,
          hangedman_glass_teeth, kennysheep_flooded_box, serial_bayou_lake_a
D:5:      layout_rooms, kennysheep_little_box, nemelex_dance_club_becter,
          hangedman_decor_points, dk_noncrumbling_2, uniq_menkaure
D:6:      layout_basic, chequers_temple_overflow_statue_of_worship,
          minmay_temple_entry_statues_fountains, serial_curves, eino_curves_02,
          eino_curves_02, uniq_sigmund, uniq_duvessa
D:7:      layout_basic, mainiacjoe_overflow_small_starburst,
          mainiacjoe_overflow_big_doors
D:8:      layout_basic, serial_shops, shop, uniq_maurice, uniq_psyche,
          uniq_prince_ribbit1
D:9:      minmay_tri_box, layout_loops_ring, nicolae_ru_path_of_blood,
          david_lair_generic, serial_ice, serial_ice_h, serial_ice_g,
          serial_ice_f, serial_ice_l, uniq_joseph
Temple:   corrupted_temple

Skill      XL: |  1  2  3  4  5  6  7  8  9 10 |
---------------+-------------------------------+-----
Stealth        | 1 2 |  2.0
Fighting       | 3 4 6 |  6.0
Maces & Flails | 2 3 4 |  4.0
Armour         | 3 4 6 |  6.0
Axes           | 4 5 6 8 |  8.6
Evocations     | 5 |  5.0
Spellcasting   | 3 5 |  5.0
Ice Magic      | 4 |  4.0
Polearms       | 2 |  2.3
Short Blades   | |  2.6
Throwing       | |  1.7
Dodging        | |  2.6

Action                   |  1- 3 |  4- 6 |  7- 9 | 10-12 || total
-------------------------+-------+-------+-------+-------++-------
Melee: Rapier            |   109 |     2 |       |       ||   111
       Punch             |     3 |     2 |       |       ||     5
       Unarmed           |     7 |       |       |       ||     7
       Whip              |       |   171 |       |       ||   171
       Headbutt          |       |    29 |    46 |    22 ||    97
       Battleaxe         |       |    14 |   247 |    59 ||   320
       Glaive            |       |       |       |     9 ||     9
Throw: Throwing net      |       |     3 |       |       ||     3
       Dart              |       |       |     3 |       ||     3
 Cast: Call Imp          |       |       |     4 |     4 ||     8
       Frozen Ramparts   |       |       |     2 |     7 ||     9
  Use: Scroll            |     2 |     2 |    10 |     1 ||    15
       Potion            |       |     4 |     1 |     2 ||     7
 Stab: Sleeping          |     5 |     2 |     3 |       ||    10
       Held in net/web   |       |     1 |       |       ||     1
       Distracted        |       |       |     1 |       ||     1
Armor: Leather armour    |    45 |    89 |   183 |    81 ||   398
       Skin              |     4 |       |       |       ||     4
Dodge: Dodged            |    64 |   139 |   204 |   100 ||   507

Table legend: (Time is in decaauts)
 A = Elapsed time spent in this place.
 B = Non-inter-level travel time spent in this place.
 C = Inter-level travel time spent in this place.
 D = Time resting spent in this place.
 E = Time spent auto-exploring this place.
 F = Levels seen in this place.
 G = Mean time per level.
                   A        B        C        D        E       F      G
               +--------+--------+--------+--------+--------+-----+--------+
         Total |  10834 |  10568 |    266 |   2967 |   6014 |  10 | 1083.4 |
       Dungeon |  10748 |  10503 |    245 |   2967 |   5956 |   9 | 1194.2 |
        Temple |     85 |     64 |     21 |      0 |     58 |   1 |   85.0 |
               +--------+--------+--------+--------+--------+-----+--------+

Top non-repeatable levels by time:
     D:9: 1989 daAuts
     D:3: 1461 daAuts
     D:8: 1243 daAuts
     D:6: 1196 daAuts
     D:7: 1126 daAuts
     D:4: 1117 daAuts
     D:5: 1070 daAuts
     D:2: 855 daAuts
     D:1: 687 daAuts
  Temple: 85 daAuts
